 Dungeon Crawl Stone Soup version 0.19-a0-1513-gf6d23ed (webtiles) character file.

4223 Amnesiac the Carver (level 10, -4/61 HPs)
             Began as a Halfling Fighter on Sept 12, 2016.
             Was an Elder of Okawaru.
             Slain by a troll (16 damage)
             ... on level 8 of the Dungeon.
             The game lasted 00:18:01 (10377 turns).

Amnesiac the Carver (Halfling Fighter)             Turns: 10377, Time: 00:18:02

Health: -4/61      AC:  7    Str: 17      XL:     10   Next: 55%
Magic:  10/10      EV: 13    Int:  9 (11) God:    Okawaru [****..]
Gold:   377        SH:  7    Dex: 18      Spells: 1 memorised, 8 levels left

rFire  . . .     SeeInvis +     h - +0 scimitar
rCold  . . .     Gourm    .     N - +0 robe
rNeg   . . .     Faith    +     d - +0 buckler
rPois  .         Spirit   .     k - +1 helmet
rElec  .         Dismiss  .     (no cloak)
rCorr  .         Reflect  .     G - +0 pair of gloves
MR     .....     Harm     .     c - +1 pair of boots
Stlth  ++........               j - amulet of faith
                                (no ring)
                                s - +5 ring of intelligence

@: no status effects
A: claws 1, see invisible, deterioration 1, mutation resistance 1
a: Heroism, Renounce Religion


You were on level 8 of the Dungeon.
You worshipped Okawaru.
Okawaru was greatly pleased with you.
You were not hungry.

You visited 2 branches of the dungeon, and saw 10 of its levels.

You collected 377 gold pieces.

Inventory:

Hand Weapons
 h - a +0 scimitar (weapon)
 p - a +0 blowgun
 y - a +2 dagger of draining
Missiles
 q - 31 poisoned needles
 t - 2 poisoned tomahawks
 L - 8 tomahawks (quivered)
Armour
 c - a +1 pair of boots (worn)
 d - a +0 buckler (worn)
 i - a +3 chain mail
 k - a +1 helmet (worn)
 G - a +0 pair of gloves (worn)
 N - a +0 robe (worn)
Jewellery
 j - an amulet of faith (around neck)
 s - a +5 ring of intelligence (left hand)
 u - an uncursed ring of ice
Wands
 b - a wand of paralysis (13/24)
 m - a wand of random effects (31/48)
 r - a wand of flame (33/48)
 z - a wand of lightning (8/15)
 E - a wand of acid (5/15)
Scrolls
 e - 2 scrolls of remove curse
 n - 4 scrolls of enchant weapon
 o - a scroll of amnesia
 F - a scroll of blinking
 I - 5 scrolls of identify
 J - a scroll of enchant armour
Potions
 a - a potion of ambrosia
 w - 2 potions of might
 A - a potion of brilliance
 B - a potion of invisibility
 C - a potion of flight
 H - a potion of cure mutation
Books
 v - a book of Beasts

   Spells                             Type                      Level
   a - Summon Butterflies             Summoning                    1
   b - Call Canine Familiar           Summoning                    3
   c - Summon Ice Beast               Ice/Summoning                4
   d - Summon Mana Viper              Hexes/Summoning              5
   e - Summon Hydra                   Summoning                    7
Comestibles
 f - 14 bread rations
 g - 4 beef jerkies
 x - 3 fruits
 D - 4 meat rations
 M - 3 chunks of flesh


   Skills:
 - Level 2.6 Fighting
 + Level 13.6 Long Blades
 - Level 3.2 Armour
 - Level 5.6 Shields


You had 8 spell levels left.
You knew the following spells:

 Your Spells              Type           Power        Failure   Level  Hunger
a - Summon Butterflies    Summ           #.......     38%         1    ##.....


Dungeon Overview and Level Annotations

Branches:
Dungeon (9/15)             Temple (1/1) D:4
   Lair: D:8-11         Orc: D:9-12

Altars:
Ashenzari
Cheibriados
Dithmenos
Fedhas
Gozag
Hepliaklqana
Kikubaaqudgha
Makhleb
Nemelex Xobeh
Okawaru
Qazlal
Ru
Sif Muna
Trog
Uskayaw
Vehumet
Xom
Zin
The Shining One


Innate Abilities, Weirdness & Mutations

You are small and have problems with some larger weapons.
You are somewhat resistant to further mutation.
You have sharp fingernails.
You have supernaturally acute eyesight. (SInv)
Your body sometimes deteriorates upon taking damage.


Message History

The troll bites you. You block the troll's attack. The troll claws you.
You barely miss the troll.
The troll is moderately wounded.
You slash the troll!
The troll is severely wounded.
The troll bites you!
Your body deteriorates!
You feel dopey. The troll closely misses you. The troll claws you.
There is a stone staircase leading up here.
The troll bites you but does no damage. The troll claws you!
* * * LOW HITPOINT WARNING * * *
Your body deteriorates!
You feel dopey. You block the troll's attack.
You climb upwards.
There is a stone staircase leading down here.
You are too injured to fight recklessly!
You hit the troll.
The troll is heavily wounded.
The troll bites you!
You die...

### #.####...........#.##### ..#
#..'รท#...###.....#.....# ..#
######........########.# ..#
#........###.##.......# ..#
#........# #....####..# ..#
#####........###..##......# ..#
##..##..................##.#
..###....#.......T.###..#.#.##.#
.)#...PP........@....?..#.#.##.#
.......P....###...#####.#...#####
............# #########.##### #.
.....)......# #............# #.
....<.......# #.#######....# #.
............# #.# ##########.
#..#........###.## #.........
##.#.#...........#### #.#####>..
#.._..####......'..####>....#.##


You could see a troll.

Vanquished Creatures
  The ghost of Tux the Skirmisher, a novice DsGl (D:5)
  The ghost of Xiguana the Skirmisher, a novice DsCK of Xom (D:4)
  A spriggan (D:8)
  A hippogriff (D:7)
  A hungry ghost (D:7)
  Eustachio (D:4)
  Menkaure (D:5)
  A sky beast (D:8)
  2 orc warriors
  An ice beast (D:8)
  A phantom (D:6)
  4 ogres
  A centaur (D:7)
  2 giant frogs
  2 wyvern zombies (D:8)
  3 scorpions
  A howler monkey (D:5)
  A giant frog zombie (D:6)
  4 crimson imps
  2 jellies
  2 giant frog skeletons
  4 iguanas
  5 hounds
  6 orc priests
  7 orc wizards
  A centaur skeleton (D:6)
  Ijyb (D:2)
  8 worker ants
  A hound skeleton (D:6)
  A worker ant zombie (D:6)
  Robin (D:4)
  7 gnolls
  11 adders
  3 shadow imps
  An adder zombie (D:6)
  2 worms (D:2)
  2 dart slugs
  2 giant geckos
  20 orcs
  A ball python (D:7)
  9 bats
  6 giant cockroaches
  9 hobgoblins
  16 jackals
  7 kobolds
  5 quokkas
  3 giant newts
  15 goblins
  A quokka zombie (D:8)
  10 rats
199 creatures vanquished.

Notes
Turn   | Place    | Note
-------+----------+-------------------------------------------
     0 | D:1      | Amnesiac the Halfling Fighter began the quest for the Orb.
     0 | D:1      | Reached XP level 1. HP: 15/15 MP: 1/1
   108 | D:2      | Reached XP level 2. HP: 14/20 MP: 2/2
   338 | D:2      | Reached skill level 3 in Long Blades
   342 | D:2      | Reached XP level 3. HP: 7/25 MP: 3/3
   662 | D:2      | Noticed Ijyb
   681 | D:2      | Killed Ijyb
   681 | D:2      | Reached skill level 4 in Long Blades
   681 | D:2      | Reached XP level 4. HP: 16/30 MP: 4/4
  1531 | D:2      | Reached XP level 5. HP: 8/35 MP: 5/5
  1824 | D:2      | Reached skill level 5 in Long Blades
  1936 | D:3      | Found a blossoming altar of Fedhas.
  1988 | D:4      | Learned a level 1 spell: Summon Butterflies
  2193 | D:4      | Noticed Xiguana's ghost (novice DsCK)
  2235 | D:3      | Reached XP level 6. HP: 12/41 MP: 6/6
  2627 | D:3      | Reached skill level 6 in Long Blades
  3561 | D:4      | Noticed Eustachio
  3602 | D:4      | Killed Eustachio
  3602 | D:4      | Reached skill level 5 in Shields
  3602 | D:4      | Reached XP level 7. HP: 33/45 MP: 7/7
  3861 | D:4      | Found a staircase to the Ecumenical Temple.
  3913 | Temple   | Entered the Ecumenical Temple
  3972 | Temple   | Became a worshipper of Warmaster Okawaru
  5319 | D:4      | Noticed Robin
  5338 | D:4      | Killed Robin
  5417 | D:4      | Killed Xiguana's ghost
  5417 | D:4      | Reached * piety under Okawaru
  5417 | D:4      | Reached skill level 8 in Long Blades
  5417 | D:4      | Reached XP level 8. HP: 15/51 MP: 5/8
  5814 | D:4      | Found a bloodstained altar of Trog.
  5934 | D:4      | Found a burning altar of Makhleb.
  6209 | D:5      | Entered Level 5 of the Dungeon
  6223 | D:5      | Reached skill level 9 in Long Blades
  6238 | D:5      | Noticed Tux's ghost (novice DsGl)
  6303 | D:5      | Killed Tux's ghost
  6303 | D:5      | Reached ** piety under Okawaru
  6303 | D:5      | Reached skill level 10 in Long Blades
  6303 | D:5      | Reached XP level 9. HP: 32/55 MP: 9/9
  7138 | D:5      | Noticed Menkaure
  7159 | D:5      | HP: 2/55 [Menkaure (14)]
  7160 | D:5      | Killed Menkaure
  7160 | D:5      | Reached *** piety under Okawaru
  7160 | D:5      | Reached skill level 11 in Long Blades
  7849 | D:6      | Received a gift from Okawaru
  8231 | D:6      | Reached skill level 12 in Long Blades
  8777 | D:7      | Reached XP level 10. HP: 59/61 MP: 10/10
  8872 | D:7      | Reached **** piety under Okawaru
  8955 | D:7      | Found a glowing silver altar of Zin.
  8955 | D:7      | Found an opulent altar of Gozag.
  9153 | D:7      | Found a hazy altar of Hepliaklqana.
  9349 | D:7      | Reached skill level 13 in Long Blades
  9498 | D:7      | Found a shimmering altar of Xom.
  9687 | D:8      | Found an ancient bone altar of Kikubaaqudgha.
  9843 | D:8      | Found a glowing golden altar of the Shining One.
 10326 | D:8      | Gained mutation: You have supernaturally acute eyesight. (SInv) [potion of mutation]
 10327 | D:8      | Gained mutation: You have sharp fingernails. [potion of mutation]
 10327 | D:8      | Gained mutation: Your body sometimes deteriorates upon taking damage. [potion of mutation]
 10360 | D:9      | Found a radiant altar of Vehumet.
 10377 | D:8      | Slain by a troll

Vault maps used:
D:1:      dpeg_arrival_ratfight, minmay_misc_feat_encased
D:2:      uniq_iyjb
D:3:      kb_forest_paths, lemuel_crystal_altar, grunt_decor_arrowhead,
          hangedman_decor_opposing
D:4:      lemuel_crystal_altar, lightli_temple_of_fire, first_bread,
          uniq_eustachio, uniq_robin
D:5:      guppyfry_early_orc_mine, uniq_menkaure
D:7:      lemuel_coloured_pillars_altar, kennysheep_mini,
          grunt_temple_overflow_gold_and_silver
D:8:      lemuel_crystal_altar, lemuel_crystal_altar, the_bakery,
          serial_park_tiny_1
D:9:      kennysheep_ying_yang, vehumet_altar_wand_db, basic_altar,
          tso_metal_star
Temple:   jpeg_temple_island

Skill      XL: |  1  2  3  4  5  6  7  8  9 10 |
---------------+-------------------------------+-----
Long Blades    | 3 4 5 6 8 10 12 13 | 13.6
Shields        | 5 |  5.6
Fighting       | |  2.6
Armour         | |  3.2

Action                   |  1- 3 |  4- 6 |  7- 9 | 10-12 || total
-------------------------+-------+-------+-------+-------++-------
Melee: Long sword        |    75 |   183 |   123 |       ||   381
       Rapier            |       |     6 |       |       ||     6
       Dagger            |       |    92 |   183 |       ||   275
       Scimitar          |       |       |   194 |   271 ||   465
  Use: Potion            |       |     1 |    16 |     3 ||    20
       Scroll            |       |       |    14 |     3 ||    17
 Stab: Invisible         |       |       |     3 |       ||     3
  Eat: Chunk             |       |     8 |    18 |     7 ||    33
       Beef jerky        |       |       |       |     1 ||     1
Armor: Scale mail        |    27 |   117 |    36 |       ||   180
       Skin              |       |     6 |    41 |       ||    47
       Chain mail        |       |       |    61 |    78 ||   139
       Robe              |       |       |       |     3 ||     3
Dodge: Dodged            |    23 |    97 |    92 |    78 ||   290
Block: Shield            |    46 |   166 |   113 |       ||   325
       Buckler           |       |       |    34 |    48 ||    82
